 Dungeon Crawl Stone Soup version 0.24-a0-280-g7cec4da (webtiles) character file.

Game seed: 12261373768436341600

639848 MatthieuS the Metallomancer (level 27, -4/261 (262) HPs)
             Began as a Deep Dwarf Enchanter on Apr 29, 2019.
             Was the Champion of Makhleb.
             Slain by an Orb Guardian (33 damage)
             ... on level 5 of the Realm of Zot on May 1, 2019.
             The game lasted 07:48:13 (77211 turns).

MatthieuS the Metallomancer (Deep Dwarf Enchanter) Turns: 77211, Time: 07:48:14

HP:   -4/261 (262)  AC: 16    Str: 15    XL:     27
MP:   0/32 (14)     EV: 15    Int: 33    God:    Makhleb [******]
Gold: 1025          SH: 23    Dex: 16    Spells: 2/61 levels left

rFire    + + +     SeeInvis +   a - +6 rapier (protect)
rCold    . . .     Gourm    .   m - +3 shield "Laanage" {rPois Slay+5}
rNeg     + . .     Faith    .   o - +1 leather armour of the Dwarven Hall {*Drain *Slow rF+++ Stlth+}
rPois    +         Spirit   .   X - +2 helmet {SInv}
rElec    .         Reflect  +   s - +2 cloak of the Locust {Int+4}
rCorr    .         Harm     .   T - +2 pair of gloves {Str+3}
MR       +++++                  J - +2 pair of boots {Stlth+}
Stlth    +++++++++.             y - +3 amulet of reflection
HPRegen  0.00/turn              f - ring of Mubaatua {rPois MR+ MP+9 Dex+3}
MPRegen  0.23/turn              h - ring of magical power

@: death channel, corroded, very slightly contaminated, non-regenerating,
invisible
A: damage resistance, heal wounds, large bone plates 1, negative energy
resistance 1, sense surroundings 3, poison resistance, shaggy fur 1, no
regeneration
}: 3/15 runes: decaying, serpentine, silver
a: Heal Wounds, Minor Destruction, Lesser Servant of Makhleb, Major Destruction,
Greater Servant of Makhleb, Renounce Religion


You were on level 5 of the Realm of Zot.
You worshipped Makhleb.
Makhleb was exalted by your worship.
You were not hungry.

You visited 13 branches of the dungeon, and saw 54 of its levels.
You visited the Abyss 1 time.
You also visited: Trove and Ice Cave.

You collected 7097 gold pieces.
You spent 6072 gold pieces at shops.

Inventory:

Hand Weapons
 a - a +6 rapier of protection (weapon)
   (You took it off Eustachio on level 3 of the Dungeon)
 k - a +5 quick blade
   (You acquired it on level 4 of the Depths)
Missiles
 S - 6 throwing nets (quivered) {!f}
Armour
 m - the +3 shield "Laanage" (worn) {rPois Slay+5}
   (You took it off a deep elf sorcerer on level 3 of the Elven Halls)

   It affects your accuracy and damage with ranged weapons and melee attacks
   (+5).
   It protects you from poison.
 o - the +1 leather armour of the Dwarven Hall (worn) {*Drain *Slow rF+++ Stlth+}
   (You bought it in a shop on level 2 of the Orcish Mines)

   It renders you almost immune to fire.
   It causes draining when unequipped.
   It may slow you when you take damage.
   It makes you more stealthy.
 s - the +2 cloak of the Locust (worn) {Int+4}
   (You bought it in a shop on level 2 of the Orcish Mines)

   It affects your intelligence (+4).
 J - a +2 pair of boots of stealth (worn)
   (You found it in an ice cave)
 T - a +2 pair of gloves of strength (worn)
   (You found it on level 3 of the Snake Pit)
 X - a +2 helmet of see invisible (worn)
   (You found it on level 3 of the Elven Halls)
Magical Staves
 W - an uncursed staff of energy {!a}
   (You took it off a deep elf mage on level 1 of the Vaults)
Jewellery
 f - the ring of Mubaatua (left hand) {rPois MR+ MP+9 Dex+3}
   (You found it on level 14 of the Dungeon)

   [ring of protection from magic]

   It affects your dexterity (+3).
   It protects you from poison.
   It affects your resistance to hostile enchantments.
   It affects your magic capacity (+9).
 h - a ring of magical power (right hand)
   (You found it in an ice cave)
 l - an uncursed ring of protection from magic
   (You found it on level 3 of the Vaults)
 w - an uncursed ring of protection from cold
   (You took it off a vault sentinel on level 5 of the Vaults)
 y - a +3 amulet of reflection (around neck)
   (You found it on level 5 of the Dungeon)
 K - an uncursed ring of poison resistance
   (You took it off a deep elf sorcerer on level 5 of the Vaults)
 M - a +4 ring of evasion
   (You found it on level 1 of the Swamp)
 P - an uncursed ring of wizardry
   (You found it on level 2 of the Orcish Mines)
Wands
 c - a wand of disintegration (11)
   (You found it on level 1 of the Depths)
 d - a wand of iceblast (14)
   (You found it on level 4 of the Realm of Zot)
 u - a wand of paralysis (20)
   (You took it off Maurice on level 13 of the Dungeon)
 v - a wand of digging (2)
   (You found it on level 10 of the Dungeon)
 x - a wand of acid (2)
   (You found it on level 3 of the Realm of Zot)
Scrolls
 b - 3 scrolls of enchant armour
 j - 18 scrolls of remove curse {@r2}
 p - 18 scrolls of magic mapping
 A - 6 scrolls of vulnerability {!r}
 B - 4 scrolls of blinking
 C - 12 scrolls of identify {@r1}
 D - 9 scrolls of fear
 F - a scroll of fog
 N - 2 scrolls of silence
 U - 6 scrolls of immolation {!r}
Potions
 g - 7 potions of curing {@q1}
 i - 9 potions of mutation {!q}
 z - 11 potions of lignification {!q}
 E - 2 potions of flight
 H - 2 potions of haste {@q3}
 L - 3 potions of brilliance
 O - a potion of might
 Q - 2 potions of agility
Miscellaneous
 q - the horn of Geryon
   (You took it off Geryon in the Vestibule of Hell)
Comestibles
 e - 39 rations


   Skills:
 + Level 18.5 Fighting
 - Level 14.0 Short Blades
 - Level 12.5 Armour
 - Level 6.1 Dodging
 - Level 18.1 Stealth
 - Level 14.3 Shields
 + Level 17.6 Spellcasting
 - Level 12.0 Hexes
 - Level 2.0 Charms
 + Level 19.8 Necromancy
 + Level 7.7 Transmutations
   Level 3.1 Ice Magic
 + Level 23.5 Earth Magic
 - Level 10.9 Invocations


You had 2 spell levels left.
You knew the following spells:

 Your Spells              Type           Power        Failure   Level  Hunger
a - Infestation           Necr           ########..   3%          8    #####..
b - Blink                 Tloc           N/A          2%          2    None
c - Statue Form           Tmut/Erth      #######..    1%          6    None
d - Borgnjor's Vile Clut  Necr/Erth      ########..   0%          5    None
e - Dispel Undead         Necr           ########     0%          5    None
f - Apportation           Tloc           ####..       1%          1    None
g - Death Channel         Necr           ########..   1%          6    None
h - Summon Mana Viper     Hex/Summ       ######..     3%          5    None
i - Shatter               Erth           ########..   11%         9    ######.
k - Invisibility          Hex            #######.     1%          6    None
q - Vampiric Draining     Necr           ########..   0%          3    None
z - Animate Skeleton      Necr           N/A          0%          1    None
A - Shroud of Golubria    Chrm/Tloc      #####.....   1%          2    None

Your spell library contained the following spells:

 Spells                   Type           Power        Failure   Level  Hunger
 Confusing Touch          Hex            ######       0%          1    None
 Corona                   Hex            #######      0%          1    None
 Pain                     Necr           ####         0%          1    None
 Corpse Rot               Necr           N/A          0%          2    None
 Passwall                 Tmut/Erth      #######.     0%          2    None
 Sublimation of Blood     Necr           ########..   0%          2    None
 Flame Tongue             Conj/Fire      ####.        1%          1    None
 Magic Dart               Conj           ####         1%          1    None
 Shock                    Conj/Air       ####         1%          1    None
 Summon Butterflies       Summ           ####....     1%          1    None
 Summon Small Mammal      Summ           ####         1%          1    None
 Ensorcelled Hibernation  Hex/Ice        ######       1%          2    None
 Swiftness                Chrm/Air       #####...     1%          2    None
 Searing Ray              Conj           ####..       2%          2    None
 Throw Flame              Conj/Fire      ####..       2%          2    None
 Animate Dead             Necr           N/A          0%          4    None
 Leda's Liquefaction      Hex/Erth       #######...   0%          4    None
 Agony                    Necr           ########     0%          5    None
 Lee's Rapid Deconstruct  Erth           ########..   0%          5    None
 Confuse                  Hex            #######.     1%          3    None
 Dazzling Spray           Conj/Hex       ######       1%          3    None
 Inner Flame              Hex/Fire       ######..     1%          3    None
 Portal Projectile        Hex/Tloc       ######       1%          3    None
 Spectral Weapon          Hex/Chrm       ######..     1%          3    None
 Spider Form              Tmut/Pois      ######....   1%          3    None
 Tukima's Dance           Hex            #######.     1%          3    None
 Cause Fear               Hex            #######...   1%          4    None
 Fulminant Prism          Conj/Hex       ######....   1%          4    None
 Ice Form                 Ice/Tmut       ######..     1%          4    None
 Petrify                  Tmut/Erth      #######.     1%          4    None
 Bolt of Draining         Conj/Necr      #######...   1%          5    None
 Bolt of Magma            Conj/Fire/Erth ######....   1%          5    None
 Excruciating Wounds      Chrm/Necr      #######...   1%          5    None
 Metabolic Englaciation   Hex/Ice        ######....   1%          5    None
 Yara's Violent Unravell  Hex/Tmut       #######...   1%          5    None
 Darkness                 Hex            #######...   1%          6    None
 Iron Shot                Conj/Erth      #######...   1%          6    None
 Simulacrum               Ice/Necr       #######...   2%          6    None
 Borgnjor's Revivificati  Necr           ########..   3%          8    #####..
 Call Canine Familiar     Summ           ####....     4%          3    None
 Conjure Flame            Conj/Fire      ####....     4%          3    None
 Gell's Gravitas          Tloc           ####......   4%          3    None
 Lesser Beckoning         Tloc           ####......   4%          3    None
 Recall                   Summ/Tloc      N/A          4%          3    None
 Static Discharge         Conj/Air       ####....     4%          3    None
 Teleport Other           Tloc           ####....     4%          3    None
 Summon Ice Beast         Ice/Summ       #####...     9%          4    None
 Throw Icicle             Conj/Ice       #####...     9%          4    None
 Alistair's Intoxication  Tmut/Pois      ######..     10%         5    None
 Irradiate                Conj/Tmut      ######....   10%         5    None
 Hydra Form               Tmut           ######....   11%         6    None
 Airstrike                Air            ####......   16%         4    None
 Force Lance              Conj/Tloc      ####....     16%         4    None
 Iskenderun's Mystic Bla  Conj           ####....     16%         4    None
 Passage of Golubria      Tloc           N/A          16%         4    None
 Sticky Flame             Conj/Fire      ####....     16%         4    None
 Haunt                    Necr/Summ      #######...   24%         7    ###....
 Iskenderun's Battlesphe  Conj/Chrm      #####...     30%         5    None
 Necromutation            Tmut/Necr      #######...   36%         8    #####..
 Aura of Abjuration       Summ           ####......   41%         5    None
 Fireball                 Conj/Fire      ####......   41%         5    None
 Lightning Bolt           Conj/Air       ####......   41%         5    None
 Summon Demon             Summ           ####......   41%         5    None
 Summon Forest            Summ/Tloc      ####......   41%         5    None
 Venom Bolt               Conj/Pois      ####......   41%         5    None
 Dragon Form              Tmut           ######....   50%         7    ###....
 Ozocubu's Refrigeration  Ice            ######....   56%         6    None
 Lehudib's Crystal Spear  Conj/Erth      #######...   65%         8    #####..
 Death's Door             Chrm/Necr      #######...   77%         8    #####..
 Bolt of Cold             Conj/Ice       #####.....   78%         6    None
 Freezing Cloud           Conj/Ice/Air   #####.....   86%         6    None
 Bolt of Fire             Conj/Fire      ####......   94%         6    None
 Dispersal                Tloc           ####......   94%         6    None
 Poison Arrow             Conj/Pois      ####......   94%         6    None
 Shadow Creatures         Summ           N/A          94%         6    None
 Orb of Destruction       Conj           ####......   100%        7    ###....
 Spellforged Servitor     Conj/Summ      ####......   100%        7    ###....
 Summon Hydra             Summ           ####......   100%        7    ###....
 Chain Lightning          Conj/Air       ####......   100%        8    #####..
 Controlled Blink         Tloc           N/A          100%        8    #####..
 Disjunction              Tloc           ####......   100%        8    #####..
 Ignition                 Fire           ####......   100%        8    #####..
 Dragon's Call            Summ           ####......   100%        9    ######.
 Fire Storm               Conj/Fire      ####......   100%        9    ######.
 Glaciate                 Conj/Ice       #####.....   100%        9    ######.
 Tornado                  Air            ####......   100%        9    ######.
 Regeneration             Chrm/Necr      Unusable     N/A         3    N/A

Dungeon Overview and Level Annotations

Branches:
Dungeon (15/15)            Temple (1/1) D:4            Lair (6/6) D:11
  Swamp (4/4) Lair:4        Snake (4/4) Lair:2        Slime (0/5) Lair:5
    Orc (2/2) D:12            Elf (3/3) Orc:2        Vaults (5/5) D:14
  Crypt (0/3) Vaults:3     Depths (5/5) D:15           Hell (1/1)
    Dis (0/7) Hell            Geh (2/7) Hell            Coc (0/7) Hell
    Tar (1/7) Hell            Zot (5/5) Depths:5

Altars:
Ashenzari
Cheibriados
Dithmenos
Elyvilon
Fedhas
Gozag
Hepliaklqana
Kikubaaqudgha
Makhleb
Nemelex Xobeh
Okawaru
Qazlal
Ru
Sif Muna
Trog
Uskayaw
Vehumet
Wu Jian
Xom
Yredelemnul
Zin
The Shining One
Beogh
Jiyva
Lugonu

Shops:
D:5 %   D:6 %   D:10 !   D:13 *   D:15 *   Orc:1 (   Orc:2 ==:[   Snake:1 *:}%

Portals:
Hell: Depths:1 Depths:2 Depths:3 Depths:4 Depths:5
Abyss: Depths:1 Depths:2 Depths:4 Depths:5
Pandemonium: Depths:3 Depths:5
Ziggurat: Depths:1

Annotations:
D:4 1 runed translucent door, Crazy Yiuf
D:6 exclusion: wight
D:14 exclusion: obsidian statue
Lair:3 exclusion: oklob plant
Depths:3 exclusion: downstairs


Innate Abilities, Weirdness & Mutations

You are resistant to damage.
You can heal yourself by infusing magical energy.
You resist negative energy. (rN+)
You passively map a large area around you.
You do not regenerate.
You are partially covered in large bone plates. (SH +4)
Your system is resistant to poisons. (rPois)
You are covered in fur. (AC +1)


Message History

The Killer Klown blinks!
You block the Orb Guardian's attack.
You strike the helpless red draconian from behind!
You impale the red draconian!!
You kill the red draconian!
Makhleb accepts your kill.
You see a puff of smoke.
You hear a loud "Zot"!
An orb of fire comes into view.
The moth of wrath goads the yellow draconian on!
The yellow draconian goes berserk!
Your spectral moth of wrath bites the green draconian!
The Orb Guardian is no longer infested.
The Orb Guardian hits you!
You hear a loud "Zot"!
Your spectral moth of wrath bites the green draconian.
You block the Orb Guardian's attack. You block the Orb Guardian's attack.
The Killer Klown laughs merrily.
You block the Orb Guardian's attack.
Your spectral moth of wrath bites the green draconian.
The yellow draconian hits your neqoxec with a +0 glaive!
The Orb Guardian hits you!!
* * * LOW HITPOINT WARNING * * *
You block the Orb Guardian's attack.
The green draconian hits your spectral moth of wrath with a +0 war axe!
The green draconian tail-slaps your spectral moth of wrath!
Your spectral moth of wrath bites the green draconian.
Your spectral moth of wrath drains the green draconian.
The yellow draconian hits your neqoxec with a +0 glaive!!
Your neqoxec dies!
You hear a loud "Zot"!
A green draconian comes into view. It is wielding a +0 hand axe.
The Orb Guardian closely misses you.
Your smoke demon gestures at the Orb Guardian.
The Orb Guardian is smitten.
Your spectral moth of wrath bites the green draconian!
Decaying hands burst forth from the earth!
Zombie hands grab the yellow draconian.
The orb of fire is unaffected.
Zombie hands grab the Orb Guardian. x2
The zombie hands constrict the Orb Guardian, but do no damage.
The zombie hands constrict the Orb Guardian.
The zombie hands constrict the yellow draconian!
You block the Orb Guardian's attack.
The yellow draconian struggles to escape constriction.
You hear a loud "Zot"!
The Orb Guardian hits you!!
* * * LOW HITPOINT WARNING * * *
The yellow draconian hits your spectral moth of wrath with a +0 mace!!
The Orb Guardian hits you!!!
You die...

, ,, , ,, ##........ *
,................## #........
,,,.................#
##....... ,
.................# #....... ,
,..^.........°..^.# ##.......
.................# #........
, .................#
##........
.^......3..X.....###.........
*
.....%y.p.*X@...###...#######
* ......d).d..^..##....##
......dZ%..........###
▓....d##▓▓▓▓▓▓▓▓▓▓▓# .....§ ,
* ...... ,, , ,,..... ,,, , *
,,....d , , ,,, ,,, , ** *, ,
, , , , ,* ,


You could see an orb of fire, a Killer Klown, 2 draconians, 2 draconians, 2 Orb
Guardians, a moth of wrath, a friendly spectral moth of wrath and a friendly
smoke demon.

Vanquished Creatures
  2 ancient liches (Zot:5)
  2 orbs of fire
  Mara (Depths:1)
  The ghost of RedSky the Wrestler, a legendary DrTm of Makhleb (Zot:5)
  Mennas (Vaults:2)
  2 juggernauts (Depths:2)
  Sojobo (Depths:1)
  the Lernaean hydra (Swamp:4)
  A Killer Klown (Zot:5)
  A caustic shrike (Depths:2)
  Geryon (Hell)
  9 golden dragons
  A Brimstone Fiend (Geh:1)
  3 liches
  2 electric golems
  13 tentacled monstrosities
  A Hell Sentinel (Geh:1)
  6 Orb Guardians (Zot:5)
  Rupert (D:12)
  2 deep elf master archers (Elf:3)
  An Ice Fiend (IceCv)
  4 quicksilver dragons
  2 deep elf blademasters (Elf:3)
  Asterion (Depths:3)
  11 death cobs
  4 titans
  An ancient champion (Depths:3)
  Gastronok (Lair:2)
  2 tentacled starspawn
  Kirke (Lair:5)
  2 thorn hunters
  8 tengu reavers
  7 shadow dragons
  12 storm dragons
  11 draconian monks
  An orc warlord (Orc:2)
  7 nagarajas
  9 frost giants
  3 ghost moths
  3 draconian knights
  5 vault wardens
  6 fire giants
  4 draconian scorchers
  2 balrugs
  2 iron dragons
  5 deep elf sorcerers
  10 ironheart preservers
  Aizul (Swamp:1)
  3 draconian shifters
  5 deep elf elementalists
  4 draconian annihilators
  10 very ugly things
  18 stone giants
  4 draconian stormcallers
  2 war gargoyles
  8 reapers
  A spriggan defender (Depths:4)
  4 vampire knights
  5 black draconians
  Nessos (Orc:2)
  3 starcursed masses
  5 green draconians
  A spark wasp (shapeshifter) (Vaults:5)
  7 red draconians
  2 lorocyprocas
  6 deep elf demonologists
  A dire elephant (Lair:6)
  5 deep elf annihilators
  11 white draconians
  3 spark wasps
  A blizzard demon (Geh:1)
  13 purple draconians
  10 yellow draconians
  4 deep elf death magi
  9 ettins
  2 merfolk impalers (Depths:2)
  5 fire dragons
  A kraken zombie (Hell)
  4 deep elf high priests
  10 ice dragons
  A quicksilver dragon zombie (Geh:2)
  9 great orbs of eyes
  16 hydras
  5 rakshasas
  12 yaktaur captains
  20 vault guards
  14 naga warriors
  A hydra (shapeshifter) (Depths:5)
  A quicksilver dragon skeleton (Geh:2)
  Erica (D:8)
  3 shambling mangroves
  11 anacondas
  2 spriggan air magi
  10 centaur warriors
  A death knight (Vaults:3)
  6 ogre magi
  A ghost crab (Swamp:1)
  26 two-headed ogres
  4 tengu warriors
  10 deep troll earth magi
  5 orc high priests
  8 deep troll shamans
  A satyr (shapeshifter) (Depths:3)
  13 alligators
  6 hell hogs
  A vampire mage (Vaults:3)
  5 death yaks
  2 two-headed ogres (shapeshifter)
  25 dancing weapons
  A soul eater (Hell)
  2 spriggan berserkers
  2 shock serpents
  Urug (D:12)
  A shock serpent (shapeshifter) (Depths:2)
  Sonja (D:13)
  A storm dragon zombie (Geh:2)
  5 naga sharpshooters (Snake:1)
  Nergalle (D:10)
  22 deep elf knights
  16 hell knights
  2 salamander mystics
  5 sun demons
  2 titan skeletons
  A fire crab (shapeshifter) (Depths:3)
  A sixfirhy (Depths:5)
  2 unseen horrors
  2 iron trolls (Depths:4)
  4 wretched stars (Abyss:3)
  A spriggan druid (Swamp:3)
  An unseen horror (shapeshifter) (Depths:1)
  2 glowing orange brains
  A storm dragon skeleton (Geh:1)
  8 sea snakes
  16 deep trolls
  5 flayed ghosts
  A shadow demon (Tar:1)
  10 swamp dragons
  An infernal demonspawn (Depths:5)
  A sea snake (shapeshifter) (Vaults:1)
  5 naga ritualists
  17 deep elf archers
  6 ironbrand convokers
  5 necromancers
  14 orc knights
  5 anaconda skeletons
  A gelid demonspawn (Depths:5)
  2 phantasmal warriors (Vaults:5)
  A shadow dragon zombie (Geh:2)
  A golden dragon skeleton (Geh:2)
  6 wizards
  An anaconda zombie (Geh:2)
  A wolf spider zombie (D:14)
  A harpy (shapeshifter) (Vaults:3)
  2 sphinx zombies
  16 mana vipers
  4 large abominations
  9 orc sorcerers
  Pikel (D:5)
  2 iron dragon zombies
  4 oklob plants
  A tengu skeleton (Depths:3)
  A faun (shapeshifter) (D:13)
  5 wolf spiders
  59 deep elf magi
  An orb spider (shapeshifter) (Vaults:3)
  47 ugly things
  12 salamanders
  9 cyclopes
  13 elephants
  14 moths of wrath
  A manticore (shapeshifter) (Depths:3)
  A shock serpent zombie (Geh:2)
  A sphinx skeleton (Vaults:3)
  A guardian serpent (shapeshifter) (Elf:1)
  A rust devil (Depths:3)
  10 guardian serpents
  A dire elephant zombie (Geh:1)
  A centaur zombie (D:15)
  Joseph (D:7)
  49 black mambas
  A fire giant skeleton (Geh:2)
  A frost giant skeleton (Geh:2)
  A torpor snail (shapeshifter) (Vaults:5)
  16 naga magi
  2 iron dragon skeletons
  Psyche (D:8)
  Maurice (D:13)
  11 vault sentinels
  An apocalypse crab (Abyss:3)
  An eye of devastation (Abyss:2)
  4 centaur skeletons
  A smoke demon (Abyss:3)
  2 torpor snails
  16 spiny frogs
  A catoblepas zombie (Geh:2)
  47 yaktaurs
  6 hellions
  3 rime drakes
  8 ice devils
  A kobold demonologist (D:14)
  4 tormentors
  5 guardian mummies
  2 efreet (Geh:2)
  6 komodo dragons
  9 freezing wraiths
  2 demonic crawlers (D:14)
  A golden dragon simulacrum (Depths:3)
  3 tengu conjurers
  10 red devils
  5 anaconda simulacra (IceCv)
  2 merfolk (shapeshifter)
  A queen bee (D:6)
  2 hydra skeletons
  14 hornets
  3 meliai (D:15)
  A wind drake (shapeshifter) (D:15)
  10 trolls
  A jumping spider (shapeshifter) (Vaults:4)
  A hornet (shapeshifter) (Vaults:1)
  A polar bear (Lair:5)
  8 tyrant leeches
  A hydra zombie (Geh:2)
  Grinder (D:4)
  25 blink frogs
  An ettin zombie (Vaults:3)
  7 hippogriffs
  42 slime creatures
  A fire dragon zombie (Geh:2)
  11 bog bodies
  10 dream sheep
  A fire giant simulacrum (Vaults:3)
  7 raiju (Abyss:3)
  A deep troll zombie (Hell)
  7 shadows
  A flying skull (Geh:1)
  5 redbacks (Depths:1)
  A redback (shapeshifter) (Vaults:2)
  2 air elementals (Elf:1)
  An ice dragon skeleton (Geh:1)
  Sigmund (D:6)
  6 wyverns
  A spriggan (shapeshifter) (Vaults:3)
  A tarantella (shapeshifter) (Vaults:2)
  6 wraiths
  37 yaks
  2 ynoxinuls
  2 black mamba zombies
  8 spriggans
  7 water elementals
  A vampire (D:13)
  2 dire elephant simulacra (IceCv)
  A fire dragon skeleton (Geh:2)
  Eustachio (D:3)
  5 basilisks
  8 hogs
  A hog (shapeshifter) (Vaults:2)
  9 fire elementals
  3 fire bats (Geh:2)
  A chaos spawn (Abyss:3)
  9 humans
  An ettin skeleton (Hell)
  10 vampire mosquitoes
  3 neqoxecs
  A death yak simulacrum (IceCv)
  4 iron troll simulacra (IceCv)
  Menkaure (D:5)
  A hungry ghost (D:9)
  9 wargs
  58 nagas
  6 swamp worms
  4 insubstantial wisps
  2 harpy simulacra (IceCv)
  3 acid dragons
  3 hell hounds (Geh:2)
  2 hydra simulacra (IceCv)
  4 porcupines
  12 water moccasins
  A floating eye (Depths:3)
  56 orc warriors
  10 swamp drakes
  3 sky beasts
  2 eyes of draining
  5 phantoms
  2 necrophages (Geh:1)
  7 ice beasts
  9 centaurs
  An ettin simulacrum (Vaults:1)
  13 wolves
  36 ogres
  16 boggarts
  18 crocodiles
  A manticore skeleton (Geh:1)
  2 big kobolds
  Blork the orc (D:6)
  9 bullfrogs
  3 earth elementals
  2 scorpions
  A water moccasin skeleton (D:7)
  An elephant simulacrum (IceCv)
  9 killer bees
  A howler monkey (D:3)
  4 small abominations
  22 wights
  12 crimson imps
  4 quasits
  2 bullfrog skeletons
  2 bullfrog zombies
  2 draconian simulacra (IceCv)
  8 hounds
  2 jellies
  37 orc priests
  An iron imp (Depths:3)
  38 orc wizards
  Ijyb (D:4)
  Natasha (thrice) (D:2 D:4)
  5 iguanas
  3 troll simulacra (IceCv)
  2 polar bear simulacra (IceCv)
  11 worker ants
  2 centaur simulacra (IceCv)
  A hound skeleton (D:4)
  3 mummies (Depths:1)
  Robin (D:2)
  7 gnolls
  22 adders
  2 naga simulacra (IceCv)
  An ogre simulacrum (IceCv)
  6 shadow imps
  7 white imps
  10 ufetubi
  2 oozes
  An adder zombie (D:10)
  2 adder skeletons
  2 dart slugs
  5 worms
  5 leopard geckos
  141 orcs
  6 ball pythons
  4 bats
  4 giant cockroaches
  15 goblins
  13 hobgoblins
  12 jackals
  7 quokkas
  7 frilled lizards
  13 kobolds
  A quokka skeleton (D:8)
  A quokka zombie (D:5)
  11 rats
  A fungus (Lair:6)
  7 plants
  2 starspawn tentacles (Abyss:2)
2287 creatures vanquished.

Vanquished Creatures (collateral kills)
  A juggernaut (Depths:2)
  The ghost of SpaceCabin the Hoplite, a legendary DsFi of Okawaru (Zot:5)
  2 ancient liches
  The ghost of Trogdor the Archmage, a legendary DEAE of Hepliaklqana (Zot:5)
  2 Killer Klowns
  Saint Roka (Vaults:5)
  A golden dragon (Depths:2)
  A bone dragon (Depths:5)
  A lich (Vaults:5)
  7 tentacled monstrosities
  A titan (Vaults:5)
  2 Orb Guardians (Zot:5)
  A quicksilver dragon (Zot:5)
  2 sphinxes
  2 tengu reavers
  Roxanne (Elf:3)
  A revenant (Hell)
  3 shadow dragons
  Donald (Swamp:1)
  A nagaraja (Snake:2)
  2 storm dragons (Vaults:5)
  A frost giant (shapeshifter) (Vaults:5)
  10 vault wardens
  An iron dragon (Depths:4)
  3 fire giants
  2 draconian scorchers
  3 deep elf sorcerers
  A frost giant (Depths:1)
  2 reapers
  3 draconian shifters
  2 deep elf elementalists
  3 ironheart preservers
  8 very ugly things
  2 draconian stormcallers
  7 stone giants
  5 green draconians
  A war gargoyle (Vaults:5)
  3 deep elf demonologists
  2 deep elf annihilators
  A vampire knight (Depths:4)
  3 purple draconians
  4 spark wasps
  A black draconian (Depths:5)
  5 yellow draconians
  5 dire elephants (Lair:6)
  A white draconian (Zot:1)
  3 red draconians
  A quicksilver dragon zombie (Hell)
  4 ettins
  4 deep elf death magi
  6 yaktaur captains
  8 fire dragons
  5 great orbs of eyes
  A centaur warrior (Vaults:2)
  4 rakshasas
  12 vault guards
  5 hydras
  A spriggan air mage (Depths:4)
  4 naga warriors (Snake:4)
  A catoblepas (Lair:5)
  3 ice dragons
  2 alligators
  15 two-headed ogres
  3 anacondas
  3 deep troll shamans
  7 death yaks
  7 ogre magi
  5 dancing weapons
  2 small abominations (Vaults:5)
  5 deep troll earth magi
  2 spriggan berserkers
  An orc high priest (Orc:2)
  2 titan zombies (Hell)
  3 naga sharpshooters
  5 hell hogs (Hell)
  8 deep elf knights
  A soul eater (Hell)
  2 sun demons
  A salamander mystic (Snake:4)
  A sixfirhy (Abyss:3)
  3 hell knights (Geh:1)
  A spark wasp zombie (Hell)
  A golden dragon zombie (Hell)
  2 flayed ghosts
  An unseen horror (Vaults:1)
  5 sea snakes
  18 deep trolls
  3 naga ritualists
  A gelid demonspawn (Depths:5)
  A glowing orange brain (Depths:4)
  A glowing orange brain (shapeshifter) (Depths:3)
  A shadow demon (Depths:5)
  An anaconda zombie (Hell)
  An orange crystal statue (Elf:2)
  A shadow dragon zombie (Geh:1)
  5 swamp dragons
  4 ironbrand convokers
  2 wizards
  A lindwurm (shapeshifter) (Depths:4)
  7 deep elf archers
  3 phantasmal warriors
  2 large abominations (Abyss:3)
  15 deep elf magi
  5 necromancers
  3 orc knights
  An orc sorcerer (Vaults:4)
  3 stone giant zombies (Hell)
  14 ugly things
  A fire giant zombie (Hell)
  A frost giant zombie (Hell)
  3 moths of wrath
  3 salamanders
  5 elephants
  A centaur zombie (D:15)
  An ice statue (Hell)
  2 guardian serpents (Snake:4)
  2 vault sentinels
  A titan simulacrum (Hell)
  A torpor snail (shapeshifter) (Depths:4)
  2 molten gargoyles
  7 black mambas
  A dire elephant skeleton (Geh:1)
  A fire giant skeleton (Geh:1)
  4 naga magi
  2 rust devils
  2 spiny frogs
  A hellion (Geh:1)
  2 freezing wraiths
  An elf zombie (Hell)
  16 yaktaurs
  2 demonic crawlers (Hell)
  2 tormentors
  2 ice devils (Hell)
  2 red devils (Geh:1)
  4 hydra zombies (Hell)
  4 tengu conjurers
  4 trolls
  A tyrant leech (shapeshifter) (Vaults:1)
  A harpy skeleton (Geh:1)
  12 slime creatures
  4 blink frogs
  2 hydra skeletons
  2 spriggan zombies (Hell)
  A dream sheep (shapeshifter) (Depths:1)
  2 fire dragon zombies (Hell)
  2 alligator skeletons
  5 flying skulls (Geh:1)
  A shadow (Geh:1)
  2 redbacks (Depths:1)
  A fire dragon skeleton (Geh:1)
  9 water elementals
  A yak (Lair:6)
  10 fire elementals
  A vampire mosquito (Swamp:4)
  A warg (Vaults:5)
  4 insubstantial wisps
  An acid dragon (Vaults:1)
  15 nagas
  A swamp worm (Swamp:2)
  A spiny frog zombie (Hell)
  A floating eye (Depths:4)
  4 swamp drakes
  10 orc warriors
  A spiny frog skeleton (Hell)
  A necrophage (Geh:1)
  8 ogres
  2 boggarts
  A crocodile (Lair:5)
  A yaktaur zombie (Hell)
  3 killer bees (D:10)
  2 electric eels (Snake:2)
  An orc priest (Vaults:5)
  2 orc wizards
  A mummy (Depths:1)
  A shadow imp (Depths:5)
  2 ufetubi (Depths:5)
  A ball lightning (Zot:5)
  19 orcs
  A fungus (Lair:5)
  3 plants
582 creatures vanquished.

Vanquished Creatures (others)
  A tengu reaver (Depths:1)
  A fire giant (Vaults:5)
  A deep elf sorcerer (Vaults:1)
  Louise (Swamp:1)
  2 stone giants (Depths:1)
  2 ironheart preservers
  A green draconian (Zot:2)
  A vampire knight (Depths:3)
  A yellow draconian (Zot:2)
  A purple draconian (Zot:1)
  2 yaktaur captains
  2 alligators
  A centaur warrior (Depths:2)
  2 deep elf knights
  A naga sharpshooter (Snake:1)
  4 deep elf archers
  A deep elf mage (Vaults:4)
  An ugly thing (Depths:1)
  2 cyclopes
  A moth of wrath (Zot:5)
  A salamander (Snake:4)
  A vault sentinel (Vaults:5)
  A naga mage (Snake:4)
  A spiny frog (Swamp:1)
  6 yaktaurs
  A freezing wraith (Vaults:5)
  3 slime creatures (Swamp:1)
  A shadow (Geh:1)
  A human (D:14)
  A naga (Snake:4)
  A swamp worm (Swamp:1)
  An orc warrior (Orc:2)
  A boggart (Depths:1)
  2 ogres (Vaults:1)
  2 centaurs
  An ooze (D:5)
  An adder skeleton (D:5)
  7 ball lightnings (Zot:5)
  4 orcs
  A kobold (D:9)
  A kobold skeleton (Geh:2)
  40 fungi
  A lurking horror (Abyss:3)
  36 plants
  5 starspawn tentacles
  7 tentacles (Hell)
157 creatures vanquished.

Grand Total: 3026 creatures vanquished

Notes
Turn   | Place    | Note
-------+----------+-------------------------------------------
     0 | D:1      | MatthieuS the Deep Dwarf Enchanter began the quest for the
                  | Orb.
     0 | D:1      | Reached XP level 1. HP: 15/15 MP: 3/3
    27 | D:1      | Reached skill level 1 in Short Blades
    60 | D:1      | Reached XP level 2. HP: 17/22 MP: 2/4
   241 | D:1      | Learned a level 2 spell: Ensorcelled Hibernation
   689 | D:2      | Reached XP level 3. HP: 17/28 MP: 6/6
   697 | D:2      | Learned a level 3 spell: Confuse
   764 | D:2      | Noticed Robin
   823 | D:2      | Killed Robin
   841 | D:2      | Reached XP level 4. HP: 31/36 MP: 6/6
   910 | D:2      | Reached skill level 1 in Ice Magic
  1173 | D:2      | Found a stormy altar of Qazlal.
  1299 | D:2      | Noticed Natasha
  1308 | D:2      | Killed Natasha
  1329 | D:2      | Reached XP level 5. HP: 32/42 MP: 7/7
  1394 | D:2      | Noticed Natasha
  2629 | D:3      | Reached skill level 5 in Stealth
  2643 | D:4      | Noticed Eustachio
  2656 | D:3      | Reached skill level 1 in Shields
  2656 | D:3      | Reached XP level 6. HP: 34/49 MP: 9/9
  2687 | D:3      | Killed Eustachio
  2771 | D:4      | Noticed Ijyb
  2791 | D:4      | Killed Ijyb
  2797 | D:4      | Killed Natasha
  3004 | D:4      | Found a staircase to the Ecumenical Temple.
  3010 | Temple   | Entered the Ecumenical Temple
  3038 | Temple   | Became a worshipper of Makhleb the Destroyer
  3131 | D:4      | Noticed Grinder
  3145 | D:4      | Paralysed by Grinder for 4 turns
  3150 | D:4      | Killed Grinder
  3150 | D:4      | Reached XP level 7. HP: 24/55 MP: 2/9
  3239 | D:4      | Noticed Natasha
  3253 | D:4      | Killed Natasha
  3442 | D:4      | Found a runed translucent door.
  3443 | D:4      | Noticed Crazy Yiuf
  3685 | D:5      | Entered Level 5 of the Dungeon
  3741 | D:5      | Reached XP level 8. HP: 31/62 MP: 11/11
  3847 | D:5      | Reached skill level 1 in Invocations
  3946 | D:5      | Noticed Pikel
  3984 | D:5      | Killed Pikel
  3984 | D:5      | Reached * piety under Makhleb
  4130 | D:5      | Noticed Menkaure
  4143 | D:5      | Killed Menkaure
  4151 | D:5      | Found a deep blue altar of Sif Muna.
  4153 | D:5      | Found a hazy altar of Hepliaklqana.
  4153 | D:5      | Found a white marble altar of Elyvilon.
  4153 | D:5      | Found an iron altar of Okawaru.
  4157 | D:5      | Found a radiant altar of Vehumet.
  4160 | D:5      | Found an ancient bone altar of Kikubaaqudgha.
  4259 | D:5      | Found Ibrof's Food Shop.
  4393 | D:6      | Found Niecioll's Food Emporium.
  4457 | D:6      | Noticed a queen bee
  4457 | D:6      | an electric eel changed into a queen bee
  4462 | D:6      | Killed a queen bee
  4462 | D:6      | Gained mutation: You passively map the area around you.
                  | [Deep Dwarf growth]
  4462 | D:6      | Reached XP level 9. HP: 47/69 MP: 7/13
  4602 | D:6      | Noticed Blork the orc
  4618 | D:6      | Killed Blork the orc
  4618 | D:6      | Reached skill level 1 in Fighting
  4618 | D:6      | Reached skill level 5 in Hexes
  4736 | D:6      | Noticed Sigmund
  4747 | D:6      | Killed Sigmund
  5088 | D:6      | Found Jirphos's Assorted Antiques.
  5478 | D:7      | Reached skill level 5 in Short Blades
  5478 | D:7      | Reached skill level 5 in Spellcasting
  5562 | D:7      | Noticed Joseph
  5581 | D:7      | Killed Joseph
  5581 | D:7      | Reached skill level 5 in Invocations
  5962 | D:7      | Reached ** piety under Makhleb
  6085 | D:7      | Reached XP level 10. HP: 59/82 MP: 8/16
  6580 | D:8      | Noticed Psyche
  6584 | D:8      | Killed Psyche
  6706 | D:8      | Identified the +6 war axe of Tucaow {chop, *Contam rElec
                  | rC++}
  7395 | D:8      | Noticed Erica
  7404 | D:8      | Killed Erica
  7435 | D:8      | Learned a level 3 spell: Tukima's Dance
  8029 | D:9      | Reached *** piety under Makhleb
  8270 | D:10     | Entered Level 10 of the Dungeon
  8665 | D:10     | Found a shattered altar of Ashenzari.
  8675 | D:10     | Noticed Nergalle
  8678 | D:10     | Found Xazaw's Distillery.
  8688 | D:10     | Killed Nergalle
  8688 | D:10     | Reached skill level 10 in Stealth
  8688 | D:10     | Reached XP level 11. HP: 69/93 MP: 17/17
  8709 | D:10     | Bought a potion of curing for 33 gold pieces
  8709 | D:10     | Bought a potion of heal wounds for 55 gold pieces
  8709 | D:10     | Bought a potion of heal wounds for 55 gold pieces
  8709 | D:10     | Bought a potion of heal wounds for 55 gold pieces
  8709 | D:10     | Bought a potion of curing for 33 gold pieces
  9450 | D:10     | Killed an unseen horror
 10388 | D:11     | Reached **** piety under Makhleb
 10818 | D:11     | Reached skill level 5 in Fighting
 10835 | D:11     | Noticed a two-headed ogre
 11105 | D:11     | Found a staircase to the Lair.
 11159 | Lair:1   | Entered Level 1 of the Lair of Beasts
 12198 | Lair:2   | Noticed Gastronok
 12244 | Lair:2   | Killed Gastronok
 12244 | Lair:2   | Reached XP level 12. HP: 76/104 MP: 9/19
 12375 | Lair:2   | Paralysed by a hornet for 1 turns
 12589 | Lair:2   | Found a staircase to the Snake Pit.
 12851 | Lair:2   | Reached ***** piety under Makhleb
 13325 | Lair:3   | Noticed a seven-headed hydra
 13345 | Lair:3   | Killed a seven-headed hydra
 13345 | Lair:3   | Reached skill level 10 in Invocations
 13479 | Lair:3   | Learned a level 5 spell: Borgnjor's Vile Clutch
 13787 | Lair:3   | Noticed a four-headed hydra
 13800 | Lair:3   | Killed a four-headed hydra
 13800 | Lair:3   | Reached skill level 1 in Armour
 13800 | Lair:3   | Reached skill level 1 in Necromancy
 13800 | Lair:3   | Reached skill level 1 in Earth Magic
 13967 | Lair:4   | Reached skill level 2 in Earth Magic
 14151 | Lair:4   | Found a staircase to the Swamp.
 14185 | Lair:4   | Reached skill level 3 in Earth Magic
 14481 | Lair:4   | Noticed a five-headed hydra
 14492 | Lair:4   | Killed a five-headed hydra
 14736 | Lair:4   | Reached XP level 13. HP: 109/115 MP: 2/22
 15481 | Lair:5   | Noticed Kirke
 16029 | Lair:4   | Reached skill level 4 in Earth Magic
 16707 | Lair:5   | Found a staircase to the Slime Pits.
 16707 | Lair:5   | Found a viscous altar of Jiyva.
 17094 | Lair:5   | Reached skill level 5 in Earth Magic
 17334 | Lair:5   | Killed Kirke
 17371 | Lair:5   | Learned a level 4 spell: Animate Dead
 17821 | Lair:5   | Noticed a cacodemon
 17833 | Lair:5   | Gained mutation: You tend to lose your temper in combat. [a
                  | cacodemon]
 17836 | Lair:4   | Lost mutation: You tend to lose your temper in combat.
                  | [potion of mutation]
 17836 | Lair:4   | Gained mutation: You expend magic power (3 MP) to
                  | strengthen your wands. [potion of mutation]
 17836 | Lair:4   | Gained mutation: You evolve. [potion of mutation]
 17898 | Lair:4   | Gained mutation: Your movements are slightly less
                  | encumbered by armour. (ER -2) [evolution]
 18029 | Lair:6   | Entered Level 6 of the Lair of Beasts
 18079 | Lair:5   | HP: 3/116 [catoblepas (24)]
 18530 | Lair:6   | Reached skill level 6 in Earth Magic
 18534 | Lair:6   | Reached skill level 5 in Necromancy
 18545 | Lair:6   | Reached skill level 5 in Armour
 18940 | Lair:6   | Gained mutation: You resist negative energy. (rN+) [Deep
                  | Dwarf growth]
 18940 | Lair:6   | Reached XP level 14. HP: 111/126 MP: 16/20
 19513 | Lair:6   | Reached skill level 7 in Earth Magic
 20786 | Lair:6   | Reached skill level 8 in Earth Magic
 21022 | Lair:6   | Identified the Papyrus of Congealing Curses
 21176 | Lair:6   | Gained mutation: You are robust. (+10% HP) [evolution]
 21459 | D:11     | Got a pitted lapis lazuli ring
 21460 | D:11     | Identified the cursed ring of Utraeg {rF++ EV-2 Dex+4
                  | Slay-4 Stlth+} (You found it on level 11 of the Dungeon)
 21633 | D:12     | Reached skill level 9 in Earth Magic
 21740 | D:12     | Noticed Urug
 21752 | D:12     | Killed Urug
 21898 | D:12     | Found a staircase to the Orcish Mines.
 22569 | D:13     | Noticed Maurice
 22572 | D:13     | Noticed Rupert
 22575 | D:13     | Noticed Sonja
 22591 | D:12     | Killed Rupert
 23006 | D:13     | Found Raoph's Assorted Antiques.
 23014 | D:13     | Bought a pearl ring for 115 gold pieces
 23014 | D:13     | Bought a clouded bone ring for 115 gold pieces
 23014 | D:13     | Bought a scroll of identify for 46 gold pieces
 23014 | D:13     | Identified the ring "Hanwonn" {Fire *Drain MP+9 SInv} (You
                  | bought it in a shop on level 13 of the Dungeon)
 23063 | D:13     | Reached skill level 10 in Short Blades
 23301 | D:13     | Killed Sonja
 23395 | D:13     | Reached XP level 15. HP: 148/148 MP: 19/21
 23589 | D:13     | Killed Maurice
 23835 | D:14     | Reached skill level 10 in Earth Magic
 23870 | D:14     | Lost mutation: You are robust. (+10% HP) [evolution]
 24068 | D:14     | Learned a level 1 spell: Apportation
 24083 | D:14     | Got a slimy copper ring
 24088 | D:14     | Identified the ring of Mubaatua {rPois MR+ MP+9 Dex+3} (You
                  | found it on level 14 of the Dungeon)
 24963 | D:14     | Reached skill level 5 in Dodging
 24976 | D:14     | Found a gate to the Vaults.
 25014 | D:14     | Found an iron altar of Okawaru.
 25032 | D:14     | Reached ****** piety under Makhleb
 25723 | D:15     | Entered Level 15 of the Dungeon
 25762 | D:15     | Found a sacrificial altar of Ru.
 25933 | D:15     | Found a staircase to the Depths.
 25942 | D:15     | Reached skill level 10 in Spellcasting
 26177 | D:15     | Found a portal to a secret trove of treasure.
 26417 | D:15     | Reached skill level 11 in Earth Magic
 26490 | D:15     | Found Xeskoser's General Store.
 26506 | D:15     | Bought a scroll of teleportation for 36 gold pieces
 26506 | D:15     | Bought a scroll of blinking for 90 gold pieces
 26506 | D:15     | Bought a scroll of summoning for 114 gold pieces
 27677 | Swamp:1  | Entered Level 1 of the Swamp
 27947 | Swamp:1  | Found a shimmering altar of Xom.
 27970 | Swamp:1  | Reached skill level 5 in Shields
 28035 | Swamp:1  | Lost mutation: You evolve. [end of evolution]
 28084 | Swamp:1  | Reached skill level 10 in Fighting
 28123 | Swamp:1  | Noticed Louise
 28148 | Swamp:1  | Killed Louise
 28292 | Swamp:1  | Noticed Donald
 28340 | Swamp:1  | Killed Donald
 28340 | Swamp:1  | Reached XP level 16. HP: 18/146 MP: 5/23
 28380 | Swamp:1  | Noticed Aizul
 28449 | Swamp:1  | Killed Aizul
 29313 | Swamp:2  | Found a frozen archway.
 29331 | IceCv    | Entered an ice cave
 30162 | IceCv    | Reached skill level 12 in Earth Magic
 30342 | IceCv    | Noticed an Ice Fiend
 30374 | IceCv    | Killed an Ice Fiend
 31559 | Orc:1    | Entered Level 1 of the Orcish Mines
 31568 | Orc:1    | Found Pontunkotuc's Weapon Shoppe.
 32122 | Orc:1    | Learned a level 6 spell: Death Channel
 32124 | Orc:1    | Learned a level 1 spell: Animate Skeleton
 32127 | Orc:1    | Learned a level 2 spell: Swiftness
 32139 | Orc:2    | Entered Level 2 of the Orcish Mines
 32482 | Orc:2    | Found a staircase to the Elven Halls.
 32626 | Orc:2    | Found Gysuumac's Book Shop.
 32643 | Orc:2    | Bought a book of Misfortune for 280 gold pieces
 32648 | Orc:2    | Learned a level 4 spell: Petrify
 32665 | Orc:2    | Noticed Nessos
 32673 | Orc:2    | Killed Nessos
 32685 | Orc:2    | Reached skill level 1 in Charms
 33069 | Orc:2    | Found Rorhiz's Antique Armour Boutique.
 33097 | Orc:2    | Bought a faintly humming cloak for 285 gold pieces
 33107 | Orc:2    | Identified the +2 cloak of the Locust {Int+4} (You bought
                  | it in a shop on level 2 of the Orcish Mines)
 33165 | Orc:2    | Bought a crude leather armour for 210 gold pieces
 33176 | Orc:2    | Identified the +1 leather armour of the Dwarven Hall
                  | {*Drain *Slow rF+++ Stlth+} (You bought it in a shop on
                  | level 2 of the Orcish Mines)
 33371 | Orc:2    | Found a roughly hewn altar of Beogh.
 33842 | Orc:2    | Found a roughly hewn altar of Beogh.
 33923 | Orc:2    | Found Ihiet's Jewellery Emporium.
 33944 | Orc:2    | Found Huqat's Jewellery Shoppe.
 34860 | Swamp:3  | Reached skill level 10 in Necromancy
 35072 | Swamp:3  | Noticed a thorn hunter
 35090 | Swamp:3  | Killed a thorn hunter
 35244 | Swamp:3  | Reached XP level 17. HP: 157/157 MP: 22/22
 35416 | Swamp:3  | Reached skill level 10 in Shields
 35622 | Swamp:3  | Reached skill level 13 in Earth Magic
 35868 | Swamp:4  | Entered Level 4 of the Swamp
 36884 | Swamp:4  | Noticed the 27-headed Lernaean hydra
 36898 | Swamp:4  | Killed the 27-headed Lernaean hydra
 37012 | Swamp:4  | Got a decaying rune of Zot
 37396 | Snake:1  | Entered Level 1 of the Snake Pit
 38034 | Snake:1  | Found Syhekoz's Gadget Shoppe.
 38035 | Snake:1  | Found Ivaypp's Food Shoppe.
 38035 | Snake:1  | Found Faul's Assorted Antiques.
 38038 | Snake:1  | Found Veuv's Book Emporium.
 38081 | Snake:1  | Bought a book of the Earth for 910 gold pieces
 38088 | Snake:1  | Learned a level 6 spell: Statue Form
 38697 | Snake:2  | Reached skill level 1 in Transmutations
 38735 | Snake:2  | Reached skill level 14 in Earth Magic
 39045 | Snake:2  | Gained mutation: You passively map a large area around you.
                  | [Deep Dwarf growth]
 39045 | Snake:2  | Reached XP level 18. HP: 168/168 MP: 22/22
 40171 | Snake:4  | Entered Level 4 of the Snake Pit
 41059 | Snake:4  | Reached skill level 15 in Earth Magic
 41205 | Snake:4  | Got a serpentine rune of Zot
 41613 | Vaults:1 | Entered Level 1 of the Vaults
 41651 | Vaults:1 | Reached XP level 19. HP: 130/176 MP: 16/24
 42208 | Vaults:1 | Reached skill level 15 in Stealth
 42952 | Vaults:1 | Reached skill level 5 in Transmutations
 43436 | Vaults:2 | Noticed Mennas
 43448 | Vaults:2 | Killed Mennas
 43791 | Vaults:2 | Learned a level 8 spell: Infestation
 43800 | Vaults:2 | Learned a level 8 spell: Necromutation
 43808 | Vaults:2 | Reached XP level 20. HP: 187/187 MP: 25/25
 43822 | Vaults:2 | Reached skill level 16 in Earth Magic
 45233 | Vaults:3 | Found a staircase to the Crypt.
 46659 | Vaults:4 | Reached XP level 21. HP: 195/195 MP: 26/26
 47268 | Vaults:4 | Identified a scroll of acquirement
 47652 | Elf:1    | Entered Level 1 of the Elven Halls
 47990 | D:15     | You paid a toll of 19 scrolls of identify to enter a
                  | treasure trove
 47991 | Trove    | Entered a treasure trove
 48018 | Trove    | Got a pitted hat
 48029 | Trove    | Identified the +4 hat of Fowe Rel {Dex+8 Stlth+} (You found
                  | it in a treasure trove)
 48031 | Trove    | Got a faintly glowing plate armour
 48051 | Trove    | Got a spiked buckler
 48062 | Trove    | Identified the +2 buckler of Pride {Str+4 Stlth+} (You
                  | found it in a treasure trove)
 48063 | Trove    | Got a pair of jewelled boots
 48074 | Trove    | Identified the +1 pair of boots of Mental Paralysis
                  | {*Corrode +Fly rF+++ Int-2} (You found it in a treasure
                  | trove)
 48472 | Orc:2    | Bought a book of the Tempests for 980 gold pieces
 48688 | Vaults:5 | Entered Level 5 of the Vaults
 48690 | Vaults:5 | Noticed an ancient lich
 48719 | Vaults:5 | Killed an ancient lich
 48736 | Vaults:5 | Reached skill level 17 in Earth Magic
 49559 | Vaults:5 | Noticed Saint Roka
 50196 | Elf:1    | Cast into level 2 of the Abyss (+0 halberd of distortion)
 51093 | Abyss:3  | Reached XP level 22. HP: 206/206 MP: 7/24
 51380 | Abyss:3  | Lost mutation: Your movements are slightly less encumbered
                  | by armour. (ER -2) [potion of mutation]
 51380 | Abyss:3  | Lost mutation: You expend magic power (3 MP) to strengthen
                  | your wands. [potion of mutation]
 51380 | Abyss:3  | Gained mutation: Your flesh is cold resistant. (rC+)
                  | [potion of mutation]
 51413 | Abyss:3  | Gained mutation: Armour fits poorly on your strangely
                  | shaped body. [a neqoxec]
 51448 | Elf:1    | Escaped the Abyss
 52330 | Elf:1    | Learned a level 9 spell: Shatter
 52531 | Elf:2    | Found a runed translucent door.
 52565 | Elf:2    | Found a runed translucent door.
 53184 | Elf:2    | Reached skill level 18 in Earth Magic
 53469 | Elf:3    | Entered Level 3 of the Elven Halls
 53830 | Elf:3    | Noticed Roxanne
 54093 | Elf:3    | Killed Roxanne
 54938 | Elf:3    | Identified the +3 shield "Laanage" {rPois Slay+5}
 54997 | Elf:3    | Identified the +2 triple sword of Nemelex Xobeh {slice,
                  | rF+}
 54997 | Elf:3    | Identified the quicksilver dragon scales "Riexikhla" {rF-
                  | rC++ MR+ Dex+2}
 55333 | Elf:3    | Identified the Reference Book on Bewitching Transformation
 55392 | Elf:3    | Got a translucent chain mail
 55399 | Elf:3    | Got a heavily runed crystal amulet
 55405 | Elf:3    | Identified the amulet "Gaixkag" {Inacc rPois Int+4} (You
                  | found it on level 3 of the Elven Halls)
 55850 | Vaults:5 | Identified the +0 chain mail of Card Tricks {*Contam rElec
                  | rN+ MR+}
 55858 | Vaults:5 | Killed Saint Roka
 55869 | Vaults:5 | Reached skill level 15 in Necromancy
 56282 | Vaults:5 | Reached XP level 23. HP: 216/216 MP: 22/25
 56454 | Vaults:5 | Reached skill level 15 in Fighting
 57038 | Vaults:5 | Got a silver rune of Zot
 57217 | Depths:1 | Entered Level 1 of the Depths
 57295 | Depths:1 | Noticed Sojobo
 57315 | Depths:1 | Reached skill level 19 in Earth Magic
 57457 | Depths:1 | Found a one-way gate to the infinite horrors of the Abyss.
 57553 | Depths:1 | Killed Sojobo
 57680 | Depths:1 | Noticed Mara
 57684 | Depths:1 | Noticed MatthieuS's illusion
 57715 | Depths:1 | Killed Mara
 57782 | Depths:1 | Learned a level 6 spell: Simulacrum
 58233 | Depths:1 | Found a gateway to Hell.
 58291 | Depths:1 | Found a gateway to a ziggurat.
 58531 | Depths:1 | Reached skill level 15 in Spellcasting
 58550 | Depths:1 | Learned a level 2 spell: Blink
 58556 | Depths:1 | Learned a level 5 spell: Lee's Rapid Deconstruction
 58559 | Depths:1 | Learned a level 2 spell: Passwall
 58880 | Depths:2 | Found a corrupted altar of Lugonu.
 59557 | Depths:2 | Noticed a juggernaut
 59565 | Depths:2 | Killed a juggernaut
 59661 | Depths:2 | Noticed a caustic shrike
 59665 | Depths:2 | Killed a caustic shrike
 59858 | Depths:2 | Noticed a juggernaut
 59882 | Depths:2 | Noticed a juggernaut
 59886 | Depths:2 | Killed a juggernaut
 60166 | Depths:2 | Reached XP level 24. HP: 229/229 MP: 4/26
 60566 | Depths:2 | Killed a juggernaut
 60566 | Depths:2 | Reached skill level 20 in Earth Magic
 60779 | Depths:3 | Noticed Asterion
 60803 | Depths:3 | Killed Asterion
 60821 | Depths:3 | Reached skill level 10 in Armour
 61280 | Depths:3 | Upgraded the game from 0.24-a0-278-gefa1973 to
                  | 0.24-a0-279-ga7546fe
 62833 | Depths:3 | Found a one-way gate leading to the halls of Pandemonium.
 63477 | Depths:4 | Paralysed by a floating eye for 4 turns
 63493 | Depths:4 | Identified the +1 broad axe of Soitheh {holy, *Noise rPois
                  | rF- Int+8}
 63785 | Depths:4 | Identified the cursed +1 ring mail "Elaguj" {rCorr}
 64066 | Depths:4 | Got a translucent scale mail
 64069 | Depths:4 | Got a faintly glowing cloak
 64070 | Depths:4 | Identified the +3 cloak "Simmy" {-Tele rPois rN++ MR+} (You
                  | found it on level 4 of the Depths)
 64203 | Depths:4 | Reached skill level 21 in Earth Magic
 64548 | Depths:5 | Entered Level 5 of the Depths
 64635 | Depths:5 | Got a pitted plate armour
 64788 | Depths:5 | Reached XP level 25. HP: 167/238 MP: 18/19
 65396 | Depths:5 | Found a gate to the Realm of Zot.
 66014 | Vaults:4 | Lost mutation: Armour fits poorly on your strangely shaped
                  | body. [potion of mutation]
 66014 | Vaults:4 | Lost mutation: Your flesh is cold resistant. (rC+) [potion
                  | of mutation]
 66014 | Vaults:4 | Gained mutation: You are partially covered in large bone
                  | plates. (SH +4) [potion of mutation]
 66014 | Vaults:4 | Gained mutation: You have large cloven feet. [potion of
                  | mutation]
 66014 | Vaults:4 | Gained mutation: Your system is resistant to poisons.
                  | (rPois) [potion of mutation]
 66259 | Zot:1    | Entered Level 1 of the Realm of Zot
 66349 | Zot:1    | HP: 2/240 [electric golem/bolt of lightning (31)]
 66553 | Depths:5 | Learned a level 5 spell: Irradiate
 66559 | Depths:5 | Learned a level 4 spell: Petrify
 66929 | Zot:1    | Got a translucent scale mail
 67699 | Zot:2    | Learned a level 5 spell: Summon Mana Viper
 67707 | Zot:2    | Learned a level 6 spell: Invisibility
 68519 | Zot:3    | Reached skill level 10 in Hexes
 69352 | Zot:3    | You fall through a shaft!
 69622 | Zot:3    | Reached XP level 26. HP: 206/249 MP: 7/14
 70980 | Zot:4    | Reached skill level 22 in Earth Magic
 71050 | Zot:4    | Noticed an orb of fire
 71170 | Zot:4    | Gained mutation: You are clumsy. (Dex -2) [an orb of fire]
 71178 | Zot:4    | Gained mutation: Your spells are a little easier to cast,
                  | but a little less powerful. [an orb of fire]
 71185 | Zot:4    | Killed an orb of fire
 71724 | Snake:1  | Bought a book of Death for 980 gold pieces
 71724 | Snake:1  | Bought a book of Necromancy for 420 gold pieces
 71724 | Snake:1  | Bought a book of the Dragon for 1260 gold pieces
 71729 | Snake:1  | Learned a level 3 spell: Vampiric Draining
 71733 | Snake:1  | Learned a level 2 spell: Sublimation of Blood
 72037 | Zot:5    | Entered Level 5 of the Realm of Zot
 72300 | Zot:5    | Found a runed translucent gate.
 72319 | Zot:5    | Found a runed translucent gate.
 72319 | Zot:5    | Found an ancient bone altar of Kikubaaqudgha.
 72343 | Zot:5    | Found a runed translucent gate.
 72343 | Zot:5    | Noticed RedSky's ghost (legendary DrTm)
 72346 | Zot:5    | Noticed SpaceCabin's ghost (legendary DsFi)
 72346 | Zot:5    | Noticed Trogdor's ghost (legendary DEAE)
 72355 | Zot:5    | Noticed an ancient lich
 72355 | Zot:5    | Noticed an ancient lich
 72489 | Zot:5    | Killed an ancient lich
 72498 | Zot:5    | Killed an ancient lich
 72539 | Zot:5    | Killed Trogdor's ghost
 72546 | Zot:5    | Killed SpaceCabin's ghost
 72590 | Zot:4    | Learned a level 5 spell: Dispel Undead
 72593 | Zot:4    | Learned a level 2 spell: Shroud of Golubria
 72645 | Zot:5    | Killed RedSky's ghost
 72813 | Zot:5    | Got a scorched hat
 72824 | Zot:5    | Identified the cursed +0 hat of the Echidna {rF+} (You
                  | found it on level 5 of the Realm of Zot)
 72839 | Zot:5    | Got a brightly glowing bronze ring
 72842 | Zot:5    | Identified the ring of False Pretenses {Fire MR+ SInv} (You
                  | found it on level 5 of the Realm of Zot)
 72853 | Zot:5    | Got a pitted bronze ring
 72854 | Zot:5    | Identified the ring "Zuoc" {rF+ Dex+3} (You found it on
                  | level 5 of the Realm of Zot)
 73134 | Zot:5    | Upgraded the game from 0.24-a0-279-ga7546fe to
                  | 0.24-a0-280-g7cec4da
 73457 | Zot:5    | Noticed an ancient lich
 73487 | Zot:5    | Killed an ancient lich
 73732 | Zot:5    | Noticed an orb of fire
 73733 | Zot:5    | Gained mutation: You are frail. (-10% HP) [an orb of fire]
 73737 | Zot:5    | Gained mutation: You tend to lose your temper in combat.
                  | [an orb of fire]
 73748 | Zot:5    | Gained mutation: Potions are less effective at restoring
                  | your health. [an orb of fire]
 73753 | Zot:5    | Killed an orb of fire
 73769 | Zot:5    | Lost mutation: You are clumsy. (Dex -2) [potion of
                  | mutation]
 73769 | Zot:5    | Lost mutation: You are frail. (-10% HP) [potion of
                  | mutation]
 73769 | Zot:5    | Lost mutation: Your spells are a little easier to cast, but
                  | a little less powerful. [potion of mutation]
 73769 | Zot:5    | Lost mutation: You tend to lose your temper in combat.
                  | [potion of mutation]
 73769 | Zot:5    | Gained mutation: Your body sometimes deteriorates upon
                  | taking damage. [potion of mutation]
 73769 | Zot:5    | Gained mutation: You have a pair of small antennae on your
                  | head. [potion of mutation]
 73769 | Zot:5    | Lost mutation: You have large cloven feet. [potion of
                  | mutation]
 73769 | Zot:5    | Gained mutation: You are covered in fur. (AC +1) [potion of
                  | mutation]
 73912 | Hell     | Entered the Vestibule of Hell
 73912 | Hell     | Noticed Geryon
 74022 | Hell     | Lost mutation: Your body sometimes deteriorates upon taking
                  | damage. [potion of mutation]
 74022 | Hell     | Lost mutation: Potions are less effective at restoring your
                  | health. [potion of mutation]
 74022 | Hell     | Lost mutation: You have a pair of small antennae on your
                  | head. [potion of mutation]
 74022 | Hell     | Gained mutation: Your mind is acute. (Int +2) [potion of
                  | mutation]
 74153 | Hell     | Reached XP level 27. HP: 113/260 MP: 4/14
 74270 | Hell     | Found a gateway to the decaying netherworld of Tartarus.
 74281 | Hell     | Reached skill level 23 in Earth Magic
 74303 | Hell     | Found a gateway to the ashen valley of Gehenna.
 74324 | Hell     | Killed Geryon
 74463 | Hell     | Found a gateway to the freezing wastes of Cocytus.
 74659 | Hell     | Found a gateway to the Iron City of Dis.
 74925 | Tar:1    | Entered Level 1 of Tartarus
 74968 | Geh:1    | Entered Level 1 of Gehenna
 75872 | Geh:1    | Lost mutation: Your mind is acute. (Int +2) [mutagenic
                  | glow]
 76081 | Geh:1    | Learned a level 9 spell: Shatter
 77206 | Zot:5    | Noticed an orb of fire
 77211 | Zot:5    | Slain by an Orb Guardian

Levels and vault maps discovered:
D:1:      ncdulo_wetmaze, layout_basic, hex_tiny
D:2:      layout_basic, grunt_qazlal_sundering, serial_bayou,
          serial_bayou_pond_e, serial_bayou_pond_d, serial_bayou_pond_d,
          serial_bayou_pond_a, dk_vineyard_3, minivault_11, bh_walls_and_bars,
          uniq_natasha, uniq_robin
D:3:      layout_basic
D:4:      minmay_door_path, layout_rooms, minmay_temple_entry_enclosed_plants,
          first_ration, corexii_shack, uniq_eustachio, uniq_crazy_yiuf_cottage,
          uniq_ijyb, uniq_grinder
D:5:      layout_basic, minitemple, serial_shops, shop, uniq_menkaure,
          uniq_pikel
D:6:      layout_basic, serial_shops, shop, nicolae_shop_crystal,
          chequers_big_river, uniq_sigmund, uniq_blork_the_orc
D:7:      layout_basic, mrwooster_statue_mirror, uniq_joseph
D:8:      layout_loops_ring, serial_rivers, chequers_serial_rivers_micro_b,
          chequers_serial_rivers_micro_e, chequers_serial_rivers_large_b,
          chequers_serial_rivers_room_a, chequers_serial_rivers_marsh,
          uniq_psyche, uniq_erica
D:9:      layout_gridville, grunt_livestock
D:10:     layout_roguey, basic_altar, serial_shops, shop, uniq_nergalle
D:11:     minmay_blocky_corners, layout_long_grid, david_lair_generic
D:12:     layout_roguey, erik_orc_4, uniq_urug
D:13:     layout_rooms, serial_shops, shop, uniq_sonja, uniq_rupert,
          uniq_maurice
D:14:     layout_loops_corners, ximxim_vaults_locker_room, basic_altar,
          minivault_15, hangedman_abyss_or_decor_passed,
          einodemon_crawler_minivault
D:15:     hangedman_depths_entry_civil_slaughter, layout_irregular_city,
          nicolae_trove_entry_path_of_doom, serial_shops, shop_statue,
          lemuel_tele_altar
Temple:   eino_wide_crystal_templ
Lair:1:   layout_misc_corridors, pond
Lair:2:   minmay_lair_venomous_thicket, layout_misc_corridors,
          minmay_snake_entry_six_corridors, minmay_holes, uniq_gastronok
Lair:3:   layout_long_grid, minivault_24, minmay_lair_oklob_bushes
Lair:4:   layout_cave_pods, skrybe_swamp_entry_bodies,
          minmay_lair_oklob_chamber, infiniplex_staircase_pool_2
Lair:5:   layout_misc_corridors, slime_altar_1, enter_volcano_4, uniq_kirke
Lair:6:   due_jungle_book, layout_cave_shapes, columned_hall_lemuel
Swamp:1:  layout_falls_marsh, nicolae_swamp_godswood, swamp_pool1, uniq_donald,
          uniq_aizul, uniq_louise
Swamp:2:  layout_falls_marsh, portal_ice_cave_entry_dragon,
          hangedman_swamp_blocks
Swamp:3:  layout_basic_swamp, hangedman_swamp_lotus, swamp_pool2
Swamp:4:  swamp_old_school, layout_basic_swamp
Snake:1:  layout_grid_maze, grunt_megastairs_3, minmay_shoptagon
Snake:2:  layout_onion, drop_trap, serial_bayou_lagoon_b, lemuel_fruit_tree
Snake:3:  nrook_guardian_serpent_snake_passage, layout_misc_corridors
Snake:4:  grunt_snake_rune_pools, layout_rooms
Orc:1:    layout_caves, serial_shops, shop
Orc:2:    pubby_orc_utopia, serial_shops, uniq_nessos
Elf:1:    minmay_elf_arrival_plus, layout_loops_ring, minivault_28, minivault_27
Elf:2:    layout_loops_cross, minivault_16, nicolae_elf_w_pinch
Elf:3:    elf_hall, layout_gridlike, uniq_roxanne
Vaults:1: v_misc_30, hangedman_vaults_corner, hangedman_vaults_locks,
          hangedman_vaults_hard_town_square, ontoclasm_vaults_twist,
          nicolae_vaults_big_angled_halls, grunt_vaults_bifocal,
          hangedman_vaults_restitches, layout_vaults_omnicross
Vaults:2: v_rooms_5, v_misc_24, hangedman_vaults_pinch, nicolae_vaults_theta,
          nicolae_vaults_yaktaur_gun_rack, v_misc_11, vaults_mumra_hex,
          vaults_room_fancy_cross, nicolae_vaults_alarming,
          vaults_room_door_ring, vaults_room_stairs_pillars,
          layout_vaults_big_room, uniq_mennas
Vaults:3: nicolae_vaults_network_quinsquares
          [nicolae_vaults_network_quincunx_subvault,
          nicolae_vaults_network_quincunx_subvault,
          nicolae_vaults_network_quincunx_subvault,
          nicolae_vaults_network_quincunx_subvault], v_rooms_4,
          grunt_vaults_hallway_long, vaults_room_octagon, vaults_mumra_hexcomb,
          st_cross, nicolae_vaults_windows_and_doors_thing,
          minmay_crypt_entry_simple_box, nicolae_vaults_ring_of_whatevers,
          v_misc_13, hangedman_vaults_nails, hangedman_vaults_nails,
          nicolae_vaults_diagonal_hallway_7, layout_vaults_omnibox
Vaults:4: ontoclasm_vaults_ligature, vaults_room_door_hall,
          nicolae_vaults_asterisk, hangedman_vaults_restitches, v_misc_16,
          nicolae_vaults_gold_heap, v_alt_pattern_1, dpeg_vaults_monster_box,
          layout_vaults_quadrants
Vaults:5: serial_shops, uniq_saint_roka
Depths:1: layout_gridlike, enter_ziggurat_f, abyss_entry, hell_entry,
          chequers_serial_rivers_micro_a, minmay_misc_feat_roman, drop_trap,
          minmay_guarded_unrand_curses, uniq_mara, uniq_sojobo
Depths:2: cell_vault, layout_cave_pools, abyss_entry_flame_altar,
          dk_noncrumbling_4, hell_entry, firewood_loft,
          infiniplex_staircase_door_maze, serial_bayou_shore_a
Depths:3: minmay_dotted_concentric_squares, layout_basic,
          grunt_pan_entry_spiral, nicolae_two_hexagons, mu_enter_wizlab_7,
          hell_entry, sword_in_stone, infiniplex_staircase_spiral, uniq_asterion
Depths:4: minmay_heptahexagon, layout_cave_pools, abyss_entry,
          grunt_decor_resistance, hell_entry, infiniplex_staircase_pool_lava
Depths:5: evilmike_zot_entry_hall, layout_cave_pools, abyss_entry,
          lightli_too_deep, grunt_pan_entry_sceptre, hangedman_decor_peaks_small
Hell
Geh:1:    layout_gehenna_lava_caves
Geh:2:    layout_gehenna_pools_triple, evilmike_ambush
          [evilmike_ambush_outer_pillars, evilmike_ambush_inner_pond]
Tar:1:    layout_honeycomb, grunt_megastairs_1
Zot:1:    layout_misc_corridors
Zot:2:    layout_basic
Zot:3:    layout_basic, st_single_dragon_hoard_3, grunt_ministairs_12
Zot:4:    layout_twisted_circle, nicolae_lava_and_water, zot_minivault_1
Zot:5:    layout_misc_corridors, gammafunk_ghost_crypt

Skill      XL: |  1  2  3  4  5  6  7  8  9 10 11 12 13 14 15 16 17 18 19 20 21 22 23 24 25 26 27 |
---------------+----------------------------------------------------------------------------------+-----
Short Blades   | 1 2 3 4 5 6 7 8 9 10 12 13 14 | 14.0
Spellcasting   | 2 3 4 5 6 7 8 9 10 11 12 13 14 15 16 17 | 17.6
Stealth        | 4 5 6 7 8 10 11 12 13 14 15 16 17 18 | 18.1
Ice Magic      | 1 2 3 |  3.1
Hexes          | 3 4 5 6 7 11 12 | 12.0
Shields        | 1 2 3 4 5 9 12 13 14 | 14.3
Invocations    | 3 5 7 9 10 | 10.9
Fighting       | 2 4 5 7 8 9 10 11 12 13 14 15 16 17 18 | 18.5
Armour         | 2 5 6 9 11 12 | 12.5
Necromancy     | 2 5 8 9 10 11 12 13 15 16 17 18 19 | 19.8
Earth Magic    | 3 6 9 11 12 14 15 16 17 18 19 21 22 23 | 23.5
Dodging        | 3 6 |  6.1
Charms         | 2 |  2.0
Transmutations | 1 4 5 7 |  7.7

Action                   |  1- 3 |  4- 6 |  7- 9 | 10-12 | 13-15 | 16-18 | 19-21 | 22-24 | 25-27 || total
-------------------------+-------+-------+-------+-------+-------+-------+-------+-------+-------++-------
Melee: Dagger            |   111 |   159 |    27 |   487 |  1209 |    33 |       |       |       ||  2026
       Rapier            |       |    29 |   167 |    90 |       |  1435 |   919 |   901 |   984 ||  4525
       Trident           |       |       |       |       |       |       |       |   187 |       ||   187
       Staff             |       |       |       |       |       |       |       |    18 |       ||    18
       Demon whip        |       |       |       |       |       |       |       |   250 |       ||   250
       Kick              |       |       |       |       |       |       |       |       |    33 ||    33
 Cast: Corona            |     9 |     1 |     2 |    12 |    15 |     2 |       |       |       ||    41
       Ensorcelled Hiber |       |    13 |    41 |   230 |   230 |    24 |       |       |       ||   538
       Confuse           |       |     2 |     7 |    25 |    31 |    88 |       |     1 |       ||   154
       Borgnjor's Vile C |       |       |       |       |   101 |   161 |   140 |   223 |   111 ||   736
       Animate Dead      |       |       |       |       |     5 |    48 |    12 |       |       ||    65
       Apportation       |       |       |       |       |     6 |     1 |     2 |       |       ||     9
       Animate Skeleton  |       |       |       |       |       |    60 |    84 |    82 |    35 ||   261
       Petrify           |       |       |       |       |       |     7 |       |       |     7 ||    14
       Swiftness         |       |       |       |       |       |     1 |       |       |       ||     1
       Death Channel     |       |       |       |       |       |     1 |    47 |    57 |    41 ||   146
       Statue Form       |       |       |       |       |       |       |    16 |    25 |    16 ||    57
       Infestation       |       |       |       |       |       |       |     1 |     4 |    16 ||    21
       Necromutation     |       |       |       |       |       |       |       |     1 |       ||     1
       Simulacrum        |       |       |       |       |       |       |       |    21 |     1 ||    22
       Blink             |       |       |       |       |       |       |       |     2 |     1 ||     3
       Lee's Rapid Decon |       |       |       |       |       |       |       |     4 |       ||     4
       Invisibility      |       |       |       |       |       |       |       |       |    16 ||    16
       Summon Mana Viper |       |       |       |       |       |       |       |       |    28 ||    28
       Dispel Undead     |       |       |       |       |       |       |       |       |    18 ||    18
       Shroud of Golubri |       |       |       |       |       |       |       |       |     1 ||     1
       Shatter           |       |       |       |       |       |       |       |       |     6 ||     6
Invok: Lesser Servant of |       |       |       |     1 |    33 |    20 |     8 |    53 |    37 ||   152
       Greater Servant o |       |       |       |       |     1 |       |     2 |     3 |     1 ||     7
 Abil: Heal Wounds       |     2 |     2 |     2 |     5 |    15 |    15 |    17 |    28 |    16 ||   102
       End Transformatio |       |       |       |       |       |       |       |       |     1 ||     1
Evoke: Wand              |       |       |     3 |     3 |    40 |    20 |     1 |    10 |     4 ||    81
       Phantom mirror    |       |       |       |       |       |       |       |     2 |       ||     2
  Use: Scroll            |       |    12 |     2 |     3 |    21 |     8 |    12 |    45 |    20 ||   123
       Potion            |       |       |     3 |     2 |    23 |     6 |     9 |    18 |    21 ||    82
 Stab: Sleeping          |     4 |    12 |    26 |   125 |    99 |    65 |    33 |    27 |    42 ||   433
       Distracted        |       |       |     1 |     1 |     4 |    21 |    25 |    29 |    31 ||   112
       Confused          |       |       |     4 |    10 |    27 |    36 |       |     5 |       ||    82
       Petrified         |       |       |       |       |     3 |     1 |       |       |     2 ||     6
       Petrifying        |       |       |       |       |     1 |     2 |       |       |     2 ||     5
       Paralysed         |       |       |       |       |     2 |     2 |       |       |       ||     4
       Invisible         |       |       |       |       |       |     1 |     2 |       |    52 ||    55
  Eat: Chunk             |       |     5 |     7 |    18 |    25 |    26 |    25 |    14 |    10 ||   130
       Ration            |       |     1 |     1 |     3 |    12 |    11 |     6 |    12 |    12 ||    58
Armor: Robe              |     5 |       |       |       |       |       |       |       |       ||     5
       Leather armour    |    23 |    67 |    46 |   177 |   389 |   319 |    97 |   204 |   168 ||  1490
       Skin              |       |       |       |       |       |       |   133 |   307 |   177 ||   617
Dodge: Dodged            |    58 |   106 |    81 |   219 |   533 |   557 |   406 |   973 |   368 ||  3301
Block: Buckler           |       |    18 |    42 |   202 |   345 |       |   125 |   927 |    30 ||  1689
       Reflection        |       |       |     1 |     4 |    14 |    61 |    79 |    62 |     9 ||   230
       Shield            |       |       |       |       |    50 |  1066 |   498 |       |   840 ||  2454

Table legend:
 A = Non-vault XP
 B = Vault XP
 C = Vault XP percentage of total XP
 D = Non-vault monster count
 E = Vault monster count
 F = Vault count percentage of total count
                 A         B        C        D         E       F
            +---------+---------+-------+---------+---------+-------
      Total |  950656 |  648585 |  40.6 |    1938 |     966 |  33.3
            +---------+---------+-------+---------+---------+-------
        D:1 |      38 |       0 |   0.0 |      22 |       0 |   0.0
        D:2 |      93 |      72 |  43.6 |      25 |      14 |  35.9
        D:3 |     181 |     202 |  52.7 |      26 |       1 |   3.7
        D:4 |     441 |     394 |  47.2 |      23 |       5 |  17.9
        D:5 |     604 |     720 |  54.4 |      10 |       2 |  16.7
        D:6 |     905 |     314 |  25.8 |      16 |       2 |  11.1
        D:7 |    1157 |     460 |  28.4 |      15 |       1 |   6.2
        D:8 |    1070 |    1394 |  56.6 |      24 |       2 |   7.7
        D:9 |     946 |     968 |  50.6 |      18 |       5 |  21.7
       D:10 |    3478 |     812 |  18.9 |      43 |       1 |   2.3
       D:11 |    1439 |    2514 |  63.6 |      19 |       6 |  24.0
       D:12 |    6323 |    4573 |  42.0 |      36 |      19 |  34.5
       D:13 |    8442 |     932 |   9.9 |      29 |       2 |   6.5
       D:14 |   11276 |    7059 |  38.5 |      58 |      15 |  20.5
       D:15 |   15619 |    4018 |  20.5 |      31 |       7 |  18.4
     Lair:1 |    2239 |     876 |  28.1 |       9 |       5 |  35.7
     Lair:2 |    3116 |    5065 |  61.9 |      16 |      23 |  59.0
     Lair:3 |    4065 |       0 |   0.0 |      11 |       0 |   0.0
     Lair:4 |   10560 |    3375 |  24.2 |      35 |       9 |  20.5
     Lair:5 |   13218 |    1816 |  12.1 |      40 |       3 |   7.0
     Lair:6 |   22337 |    2643 |  10.6 |      60 |       5 |   7.7
    Swamp:1 |   10582 |    3713 |  26.0 |      30 |       3 |   9.1
    Swamp:2 |   14167 |    1025 |   6.7 |      37 |       1 |   2.6
    Swamp:3 |   16528 |       0 |   0.0 |      39 |       0 |   0.0
    Swamp:4 |   11727 |   15128 |  56.3 |      36 |      24 |  40.0
    Snake:1 |   18653 |     825 |   4.2 |      38 |       2 |   5.0
    Snake:2 |   24816 |       0 |   0.0 |      48 |       0 |   0.0
    Snake:3 |   23383 |     935 |   3.8 |      48 |       2 |   4.0
    Snake:4 |   23370 |   29613 |  55.9 |      60 |      58 |  49.2
      Orc:1 |    4264 |       0 |   0.0 |      36 |       0 |   0.0
      Orc:2 |       0 |   19129 | 100.0 |       0 |     151 | 100.0
      Elf:1 |   15598 |    8330 |  34.8 |      28 |      16 |  36.4
      Elf:2 |   10465 |   19673 |  65.3 |      24 |      27 |  52.9
      Elf:3 |   21455 |   35622 |  62.4 |      38 |      27 |  41.5
   Vaults:1 |   49248 |   20417 |  29.3 |      97 |      46 |  32.2
   Vaults:2 |   29039 |   16488 |  36.2 |      50 |      24 |  32.4
   Vaults:3 |   30484 |   25594 |  45.6 |      52 |      40 |  43.5
   Vaults:4 |   37658 |   18119 |  32.5 |      69 |      31 |  31.0
   Vaults:5 |   22155 |   97926 |  81.5 |      40 |      98 |  71.0
   Depths:1 |   53605 |   22871 |  29.9 |      85 |      17 |  16.7
   Depths:2 |   27997 |   38729 |  58.0 |      50 |      20 |  28.6
   Depths:3 |   31469 |   34073 |  52.0 |      47 |      34 |  42.0
   Depths:4 |   36083 |   41572 |  53.5 |      50 |      41 |  45.1
   Depths:5 |   21763 |   16767 |  43.5 |      17 |      28 |  62.2
       Hell |   19641 |   13334 |  40.4 |      38 |      40 |  51.3
      Geh:1 |   30384 |       0 |   0.0 |      80 |       0 |   0.0
      Geh:2 |   19348 |    9605 |  33.2 |      37 |      22 |  37.3
      Tar:1 |    1302 |       0 |   0.0 |       2 |       0 |   0.0
      Zot:1 |   54691 |       0 |   0.0 |      45 |       0 |   0.0
      Zot:2 |   52191 |       0 |   0.0 |      36 |       0 |   0.0
      Zot:3 |   32383 |    9526 |  22.7 |      25 |       3 |  10.7
      Zot:4 |   53175 |   21168 |  28.5 |      27 |      13 |  32.5
      Zot:5 |   25120 |   78083 |  75.7 |      21 |      18 |  46.2
    Abyss:2 |    4632 |       0 |   0.0 |       6 |       0 |   0.0
    Abyss:3 |   15733 |    1808 |  10.3 |      36 |       2 |   5.3
      IceCv |       0 |   10305 | 100.0 |       0 |      51 | 100.0
            +---------+---------+-------+---------+---------+-------
